 Dungeon Crawl Stone Soup version 0.17.1-1-g73c8601 (webtiles) character file.

347 Firereiher the Sneak (level 6, -4/42 HPs)
             Began as an Octopode Fighter on Dec 31, 2015.
             Killed from afar by an orc wizard (7 damage)
             ... with a magic dart
             ... on level 5 of the Dungeon on Jan 5, 2016.
             The game lasted 01:04:25 (4456 turns).

Firereiher the Sneak (Octopode Fighter)             Turns: 4456, Time: 01:04:25

Health: -4/42      AC:  1    Str: 15    XL:     6   Next: 59%
Magic:  6/6        EV: 10    Int: 11    God:
Gold:   245        SH:  8    Dex: 13    Spells: 0 memorised, 5 levels left

rFire  . . .     SeeInvis .       - Unarmed
rCold  . . .     Clarity  .     a - +0 shield
rNeg   . . .     SustAt   .     (helmet restricted)
rPois  .         Gourm    .     (no amulet)
rElec  .         Spirit   .     s - ring of wizardry
rCorr  .         Warding  .     x - ring of flight
rMut   .         Stasis   .     (no ring)
MR     .....                    (no ring)
Stlth  ++++......               (no ring)
                                (no ring)
                                (no ring)
                                (no ring)

@: not resistant to hostile enchantments, stealthy
A: almost no armour, amphibious, 8 rings, constrict 8, camouflage 1, gelatinous
body 1
a: Evoke Flight


You were on level 5 of the Dungeon.
You were hungry.

You visited 1 branch of the dungeon, and saw 5 of its levels.

You collected 245 gold pieces.

Inventory:

Missiles
 i - 29 poisoned needles
 n - 48 stones (quivered)
 v - 5 needles of confusion
Armour
 a - a +0 shield (worn)
Jewellery
 s - a ring of wizardry (left tentacle)
 x - a ring of flight (right tentacle)
Wands
 w - a wand of polymorph (18)
Scrolls
 e - 4 scrolls of remove curse {unknown}
 f - a scroll of fear {unknown}
 j - 2 scrolls of immolation {unknown}
 l - a scroll of amnesia {unknown}
 o - 2 scrolls of blinking {unknown}
 q - 4 scrolls of teleportation {unknown}
 u - a scroll of enchant armour {unknown}
 y - a scroll of random uselessness {unknown}
Potions
 b - a potion of might
 d - 2 potions of heal wounds {unknown}
 g - 5 potions of curing {unknown}
 h - 2 potions of haste {unknown}
 k - a potion of cancellation {unknown}
 m - a potion of cure mutation {unknown}
 r - a potion of magic {unknown}
 t - a potion of brilliance {unknown}
Comestibles
 c - 2 bread rations
 p - 6 meat rations


   Skills:
 - Level 3.0 Fighting
 - Level 3.0 Dodging
 + Level 6.1 Stealth
 - Level 3.0 Shields
 + Level 5.0 Unarmed Combat


You had 5 spell levels left.
You didn't know any spells.

Dungeon Overview and Level Annotations

Branches:
Dungeon (5/15)
 Temple: D:4-7

Altars:
Cheibriados
Elyvilon
Fedhas
Gozag
Trog
Vehumet
Yredelemnul
The Shining One

Annotations:
D:4 Edmund


Innate Abilities, Weirdness & Mutations

You cannot wear most types of armour.
You are amphibious.
You can wear up to eight rings at the same time.
You can use your tentacles to constrict eight enemies at once.
Your skin changes colour to match your surroundings (Stealth).
Your rubbery body absorbs attacks (AC +1).


Message History

The orc priest mumbles some strange prayers to Beogh against you.
Something smites you!
You tentacle-slap the orc priest but do no damage.
The orc priest is heavily wounded.
You constrict the orc priest.
The orc priest mumbles some strange prayers to Beogh against you.
Something smites you!
You tentacle-slap the orc priest.
The orc priest is severely wounded.
You constrict the orc priest.
The orc priest mumbles some strange prayers to Beogh against you.
Something smites you!
* * * LOW HITPOINT WARNING * * *
You are too injured to fight recklessly!
You tentacle-slap the orc priest.
You kill the orc priest!
Your Stealth skill increases to level 6!
The orc wizard casts a spell at you. The magic dart hits you!
You die...

.... ... ..## ..###
#.#.o.# #.#...# ..#####
#.#..o# .... .......
#.#...# ............
#.#..@# ......#####
#.###.# #+#..#+# # #.#
#.## #.#..#.# #
###.###..# #.#..#.# #
#.....##.###.#..#.######
#.....##..##.#..........
#....)###.##.##.#.######
#####.....###.......#.#
#..............#.####.#


You could see an orc wizard and an orc.

Vanquished Creatures
  A scorpion (D:4)
  An orc wizard (D:4)
  An orc priest (D:5)
  Terence (D:3)
  2 worker ants (D:4)
  A hound skeleton (D:4)
  Robin (D:2)
  7 adders
  3 worms
  4 giant geckos
  9 orcs
  4 bats
  10 hobgoblins
  A jackal (D:1)
  A quokka (D:2)
  2 ball pythons
  5 giant cockroaches
  A giant newt (D:1)
  11 goblins
  4 kobolds
  7 rats
77 creatures vanquished.

Notes
Turn   | Place    | Note
--------------------------------------------------------------
     0 | D:1      | Firereiher the Octopode Fighter began the quest for the Orb.
     0 | D:1      | Reached XP level 1. HP: 16/16 MP: 1/1
   108 | D:1      | Reached skill level 1 in Stealth
   247 | D:1      | Reached XP level 2. HP: 19/21 MP: 2/2
   923 | D:2      | Reached XP level 3. HP: 17/26 MP: 3/3
   951 | D:2      | Noticed Robin
   956 | D:2      | Killed Robin
  1215 | D:2      | Found a bloodstained altar of Trog.
  1242 | D:2      | Found an opulent altar of Gozag.
  1247 | D:2      | Found a snail-covered altar of Cheibriados.
  1340 | D:2      | Reached XP level 4. HP: 27/31 MP: 4/4
  1990 | D:2      | Found a radiant altar of Vehumet.
  1993 | D:2      | Found a blossoming altar of Fedhas.
  1993 | D:2      | Found a glowing golden altar of the Shining One.
  1994 | D:2      | Found a basalt altar of Yredelemnul.
  1997 | D:2      | Found a white marble altar of Elyvilon.
  2143 | D:3      | Noticed Terence
  2154 | D:3      | Killed Terence
  2154 | D:3      | Reached skill level 4 in Stealth
  2154 | D:3      | Reached XP level 5. HP: 29/36 MP: 5/5
  3496 | D:4      | Noticed Edmund
  3635 | D:4      | Reached skill level 5 in Stealth
  3861 | D:4      | Reached XP level 6. HP: 31/42 MP: 6/6
  4180 | D:4      | Reached skill level 5 in Unarmed Combat
  4271 | D:5      | Entered Level 5 of the Dungeon
  4453 | D:5      | Reached skill level 6 in Stealth
  4456 | D:5      | Killed from afar by an orc wizard

Action                   |  1- 3 |  4- 6 || total
-------------------------+-------+-------++-------
Melee: Unarmed           |    72 |   111 ||   183
Throw: Stone             |    55 |    72 ||   127
 Stab: Sleeping          |     4 |    10 ||    14
       Distracted        |       |     1 ||     1
  Eat: Chunk             |     1 |     5 ||     6
       Bread ration      |       |     1 ||     1
